 Dungeon Crawl Stone Soup version 0.31.0-11-ge490571c62 (webtiles) character file.

Game seed: 6362163013199706805

11 RancidPinata the Sneak (level 2, -3/19 HPs)
             Began as a Gargoyle Delver on Feb 4, 2024.
             Slain by an orc
             ... wielding a +0 falchion
              (6 damage)
             ... on level 4 of the Dungeon.
             The game lasted 00:05:11 (720 turns).

RancidPinata the Sneak (Gargoyle Delver)             Turns: 720, Time: 00:05:12

Health: -3/19      AC:  5    Str: 15    XL:     2   Next: 25%
Magic:  2/2        EV: 11    Int: 10    God:
Gold:   41         SH:  3    Dex: 11    Spells: 1/1 levels left

rFire   . . .        a - +0 short sword
rCold   . . .        i - +0 buckler
rNeg    + . .        b - +0 leather armour
rPois   ∞            (no helmet)
rElec   +            (no cloak)
rCorr   .            (no gloves)
SInv    +            (no boots)
Will    .....        (no amulet)
Stlth   +++          d - ring of see invisible
HPRegen 0.23/turn    (no ring)
MPRegen 0.08/turn

%: no passive effects
@: no status effects
A: sickness immunity, AC +2, negative energy resistance 1, electricity
resistance, torment resistance 1, petrification resistance
a: no special abilities


You were on level 4 of the Dungeon.
You visited 1 branch of the dungeon, and saw 4 of its levels.

You collected 41 gold pieces.

Inventory:

Hand Weapons
 a - a +0 short sword (weapon)
Armour
 b - a +0 leather armour (worn)
 i - a +0 buckler (worn)
Jewellery
 d - a ring of see invisible (left hand)
 j - a ring of magical power
Wands
 g - a wand of digging (3)
Scrolls
 c - a scroll of fog
 e - a scroll of fear
 h - a scroll of poison {unknown}
Potions
 f - a potion of haste


   Skills:
 * Level 3.4 Fighting
 + Level 1.9 Short Blades
 * Level 0.8 Armour
 + Level 1.6 Dodging
 * Level 5.6 Stealth
 * Level 0.2 Shields


You had one spell level left.
You didn't know any spells.
Your spell library was empty.

Dungeon Overview and Level Annotations

Branches:
Dungeon (7/15)
 Temple: D:4-7

Altars:

Annotations:
D:4 Eustachio
D:5 Grinder
D:7 Maurice


Innate Abilities, Weirdness & Mutations

You are immune to sickness and miasma.
Your stone body is resilient. (AC +2)
You are immune to poison.
You resist negative energy. (rN+)
You are resistant to electric shocks. (rElec)
You are resistant to unholy torment.
You are immune to petrification.


Message History

Eustachio casts a spell.
There is a stone staircase leading up here.
The bat completely misses you. Eustachio hits you with a +0 rapier.
You climb upwards.
The bat disappears in a puff of smoke!
Found 5 stones and a scroll labelled VIRYAL BIMEF.
There is a stone staircase leading down here.
You hit Eustachio but do no damage. Eustachio hits you with a +0 rapier.
You miss Eustachio.
Eustachio gestures wildly while chanting.
Eustachio blinks!
Eustachio mumbles some strange words.
Eustachio blinks!
Found a falchion.
An orc comes into view. It is wielding a +0 short sword.
The helpless orc fails to defend itself.
You puncture the orc!
You kill the orc!
An orc priest comes into view. It is wielding a +0 club.
Found the +7 staff of the Meek {protect, meekguard} and a human corpse.
Found a roughly hewn altar of Beogh.
An orc comes into view. It is wielding a +0 falchion.
An orc comes into view. It is wielding a +0 hand axe.
The orc priest hits you but does no damage.
The orc shouts!
You barely miss the orc priest.
The orc shouts!
The orc completely misses you. The orc priest hits you with a +0 club.
You hit the orc priest but do no damage.
You barely miss the orc priest. You block the orc's attack.
The orc priest hits you with a +0 club. You block the orc's attack.
You barely miss the orc priest. The orc priest barely misses you.
The orc hits you with a +0 falchion. You block the orc's attack.
You hit the orc priest.
The orc priest is moderately wounded.
The orc priest invokes the aid of Beogh against you.
Beogh smites you!
Ouch! That really hurt!
* * * LOW HITPOINT WARNING * * *
The orc hits you with a +0 falchion.
You die...

## ###_###
##.8)8.##
#8.....8# #...oo#
##.o@## ##.###.##
#8.#.#.8#
#...).########## #
#....)###..#...#..
###.####...#......
#.#.#...........
#.......@.......
#...............


You could see an orc priest and 2 orcs.

Vanquished Creatures
  A white imp (D:6)
  2 orcs
3 creatures vanquished.

Notes
Turn   | Place    | Note
-------+----------+-------------------------------------------
     0 | D:5      | RancidPinata the Gargoyle Delver began the quest for the
                  | Orb.
     0 | D:5      | Reached XP level 1. HP: 14/14 MP: 1/1
    80 | D:6      | Reached XP level 2. HP: 5/19 MP: 2/2
   187 | D:6      | Noticed an ice beast
   343 | D:7      | Noticed Maurice
   424 | D:6      | Noticed a centaur
   435 | D:7      | Noticed a howler monkey
   528 | D:7      | Noticed a wight
   536 | D:7      | Noticed a kobold demonologist
   646 | D:5      | Noticed Grinder
   689 | D:5      | Noticed Eustachio
   712 | D:4      | Found the +7 staff of the Meek {protect, meekguard}
   720 | D:4      | Slain by an orc

Illustrated notes

Levels and vault maps discovered:
D:4:      layout_cave_pools, minmay_temple_entry_poolview, serial_shops,
          nicolae_diamond_shop, pf_guarded_unrand_meek
D:5:      layout_loops_corners, amcnicky_altar_gilded, uniq_prince_ribbit1,
          uniq_pikel, uniq_eustachio, uniq_grinder
D:6:      layout_loops_ring, led_sif_pool, grunt_temple_overflow_open,
          serial_shops, shop
D:7:      layout_gridville, uniq_duvessa, uniq_maurice

Action                     || total
---------------------------++-------
  Melee: Short sword       ||    24
    Use: Scroll            ||     1
   Stab: Sleeping          ||     2
 Armour: Leather armour    ||    14
  Dodge: Dodged            ||     9
  Block: Buckler           ||     3
